 Dungeon Crawl Stone Soup version 0.30-a0-585-g93115170b9 (webtiles) character file.

Game seed: 18360375487119660410

438 wormed the Ducker (level 7, 0/60 HPs)
             Began as a Gnoll Monk on Jan 2, 2023.
             Killed from afar by Dowan (6 damage)
             ... with a shard of ice
             ... on level 4 of the Dungeon.
             The game lasted 00:05:41 (3318 turns).

wormed the Ducker (Gnoll Monk)                      Turns: 3318, Time: 00:05:42

Health: 0/60       AC:  4    Str: 11    XL:     7   Next: 1%
Magic:  10/10      EV: 14    Int:  9    God:
Gold:   234        SH:  5    Dex: 16    Spells: 10/10 levels left

rFire   . . .      SeeInvis .    v - +6 long sword (elec)
rCold   . . .      Faith    .    m - +0 buckler
rNeg    . . .      Spirit   .    k - +0 leather armour
rPois   .          Reflect  .    h - +0 helmet
rElec   .          Harm     .    (no cloak)
rCorr   .          Rampage  .    (no gloves)
Will    .....                    (no boots)
Stlth   +++                      (no amulet)
HPRegen 0.30/turn                (no ring)
MPRegen 0.12/turn                (no ring)

@: no status effects
A: fangs 1, strong nose, distributed training
a: no special abilities


You were on level 4 of the Dungeon.
You visited 1 branch of the dungeon, and saw 4 of its levels.

You collected 234 gold pieces.

Inventory:

Hand Weapons
 v - a +6 long sword of electrocution (weapon)
Missiles
 i - 18 poisoned darts (quivered)
 s - 4 javelins
Armour
 h - a +0 helmet (worn)
 k - a +0 leather armour (worn)
 m - a +0 buckler (worn)
Wands
 u - a wand of polymorph (6)
Scrolls
 b - a scroll of enchant weapon {unknown}
 c - a scroll of poison {unknown}
 e - 3 scrolls of teleportation
 g - a scroll of fog {unknown}
 n - a scroll of noise {unknown}
 o - 3 scrolls of vulnerability {unknown}
 p - a scroll of brand weapon {unknown}
 r - a scroll of blinking {unknown}
 t - a scroll of enchant armour {unknown}
 y - a scroll of identify
 z - a scroll of immolation {unknown}
Potions
 a - a potion of degeneration {unknown}
 j - a potion of attraction
 q - 2 potions of flight {unknown}
 w - a potion of haste {unknown}
 x - a potion of cancellation {unknown}


   Skills:
 + Level 7.0 Fighting
 + Level 2.3 Short Blades
 + Level 7.0 Long Blades
 + Level 2.3 Axes
 + Level 2.3 Maces & Flails
 + Level 2.3 Polearms
 + Level 2.3 Staves
 + Level 2.3 Ranged Weapons
 + Level 2.3 Throwing
 + Level 2.3 Armour
 + Level 7.0 Dodging
 + Level 4.8 Stealth
 + Level 2.3 Shields
 + Level 2.3 Unarmed Combat
 + Level 2.3 Spellcasting
 + Level 1.8 Conjurations
 + Level 1.8 Hexes
 + Level 1.8 Summonings
 + Level 1.8 Necromancy
 + Level 1.8 Translocations
 + Level 1.8 Transmutations
 + Level 1.8 Fire Magic
 + Level 1.8 Ice Magic
 + Level 1.8 Air Magic
 + Level 1.8 Earth Magic
 + Level 1.8 Poison Magic
 + Level 2.5 Invocations
 + Level 2.3 Evocations


You had 10 spell levels left.
You didn't know any spells.
Your spell library contained the following spells:

 Spells                   Type           Power      Damage    Failure   Level
 Shock                    Conj/Air       16%        1d4       26%         1
 Swiftness                Air            4%         N/A       61%         3
 Airstrike                Air            2%         2d(1-17)  95%         4


Dungeon Overview and Level Annotations

Branches:
Dungeon (4/15)
 Temple: D:4-7

Altars:
Fedhas
Nemelex Xobeh
Okawaru

Annotations:
D:3 1 runed translucent door, experimilk's ghost, amateur DrCj
D:4 Dowan


Innate Abilities, Weirdness & Mutations

You have very sharp teeth.
Your uncanny sense of smell can sniff out nearby items.
Your experience applies equally to all skills.


Message History

* * * LOW HITPOINT WARNING * * *
The lemure attacks as you move away! The lemure hits you.
* * * LOW HITPOINT WARNING * * *
You enter the shallow water.
Moving in this stuff is going to be slow.
The lemure hits you.
* * * LOW HITPOINT WARNING * * *
Dowan shakes with grief.
Dowan hits the plant with a +0 dagger.
The plant begins to die.
Throw: throwing net
Press: ? - help, Q - select action, (/) - cycle Shift-Dir - straight line, f - lemure
Aim: a lemure (58% to hit)
You throw a throwing net. The throwing net hits the lemure.
The lemure is caught in the net!
You hear a splash.
The gnoll hits the plant with a +0 halberd!
The plant begins to die.
Dowan completely misses the plant.
The lemure struggles against the net.
Dowan hits something with a +0 dagger. x2
The gnoll splashes around in the water.
The lemure struggles against the net.
The gnoll splashes around in the water.
Dowan mumbles some strange words.
Dowan blinks!
The lemure struggles against the net.
Dowan hits the plant with a +0 dagger.
The plant begins to die.
Something hits the plant!
The plant begins to die.
Dowan hits the plant with a +0 dagger.
The plant begins to die.
Dowan splashes around in the water.
The lemure struggles against the net.
Dowan mumbles some strange words.
Dowan blinks!
The lemure struggles against the net.
The net rips apart, and the lemure comes free!
You hear a splashing noise. x2
You hear a splashing noise.
The gnoll shouts!
Dowan hits the plant with a +0 dagger.
The gnoll barely misses you.
Dowan gestures wildly while chanting.
Dowan blinks!
A nearby plant withers and dies.
Dowan casts a spell at you. The shard of ice hits you.
You die...

#......##.# ###g#
######.##.######## #.###~
#............ #.#P~.
########.##..†###########~~PPP
.........####.# #...g..P~♣~
########.###..# ###.PPPP♣~~~P
#.##...####P5~.~~♣~~PPP
#.#......e~~~g~~♣PPP~..
#.##.<@###~P~♣♣~♣PP....
#.###....gP5~♣♣♣PP~P.#.
#.....##.#PP~~≈≈♣PP~...
########.#P~P~♣♣≈~PP...
#.##P~PP~♣♣♣~~P.
#..##...P~♣♣♣≈~~
##.......~.PP~ #########PP.P
####


You could see 2 lemures, Dowan (fast) and 2 gnolls.

Vanquished Creatures
  Duvessa (D:4)
  Blork the orc (D:4)
  An orc priest (D:3)
  An iguana (D:4)
  An orc wizard (D:3)
  Terence (D:2)
  6 adders
  2 worms
  4 dart slugs
  11 orcs (D:3)
  7 endoplasms
  4 giant cockroaches
  4 goblins
  6 hobgoblins
  3 jackals (D:3)
  5 kobolds
  7 quokkas
  7 ball pythons
  6 bats
  6 frilled lizards
  6 rats
90 creatures vanquished.

Vanquished Creatures (others)
  8 plants (D:4)
8 creatures vanquished.

Grand Total: 98 creatures vanquished

Notes
Turn   | Place    | Note
-------+----------+-------------------------------------------
     0 | D:1      | wormed the Gnoll Monk began the quest for the Orb.
     0 | D:1      | Reached XP level 1. HP: 23/23 MP: 1/1
    33 | D:1      | You fall into a shaft and drop 1 floor!
   153 | D:1      | Reached XP level 2. HP: 29/29 MP: 2/2
   701 | D:2      | Reached XP level 3. HP: 35/35 MP: 3/3
   809 | D:2      | Reached skill level 1 in Invocations
   908 | D:2      | Noticed Terence
   932 | D:2      | Killed Terence
   933 | D:2      | Reached skill level 1 in Short Blades
   933 | D:2      | Reached skill level 1 in Axes
   933 | D:2      | Reached skill level 1 in Maces & Flails
   933 | D:2      | Reached skill level 1 in Polearms
   933 | D:2      | Reached skill level 1 in Staves
   933 | D:2      | Reached skill level 1 in Ranged Weapons
   933 | D:2      | Reached skill level 1 in Throwing
   933 | D:2      | Reached skill level 1 in Armour
   933 | D:2      | Reached skill level 1 in Shields
   933 | D:2      | Reached skill level 1 in Unarmed Combat
   933 | D:2      | Reached skill level 1 in Spellcasting
   933 | D:2      | Reached skill level 1 in Evocations
   933 | D:2      | Reached XP level 4. HP: 21/41 MP: 5/5
  1187 | D:2      | Reached skill level 1 in Conjurations
  1187 | D:2      | Reached skill level 1 in Hexes
  1187 | D:2      | Reached skill level 1 in Summonings
  1187 | D:2      | Reached skill level 1 in Necromancy
  1187 | D:2      | Reached skill level 1 in Translocations
  1187 | D:2      | Reached skill level 1 in Transmutations
  1187 | D:2      | Reached skill level 1 in Fire Magic
  1187 | D:2      | Reached skill level 1 in Ice Magic
  1187 | D:2      | Reached skill level 1 in Air Magic
  1187 | D:2      | Reached skill level 1 in Earth Magic
  1187 | D:2      | Reached skill level 1 in Poison Magic
  1685 | D:3      | Found a blossoming altar of Fedhas.
  1699 | D:3      | Found a runed translucent door.
  1717 | D:3      | Noticed a bullfrog
  1720 | D:3      | Noticed experimilk's ghost (amateur DrCj)
  1862 | D:3      | Reached XP level 5. HP: 30/47 MP: 5/7
  2055 | D:4      | Noticed a lemure
  2055 | D:4      | Noticed a lemure
  2158 | D:4      | Found a sparkling altar of Nemelex Xobeh.
  2268 | D:4      | Noticed Blork the orc
  2277 | D:4      | Killed Blork the orc
  2373 | D:4      | Noticed Duvessa
  2470 | D:3      | Reached XP level 6. HP: 48/53 MP: 8/8
  2685 | D:3      | Found an iron altar of Okawaru.
  3275 | D:4      | Noticed Dowan
  3287 | D:4      | Killed Duvessa
  3288 | D:4      | Reached XP level 7. HP: 27/60 MP: 10/10
  3303 | D:4      | HP: 1/60 [lemure[Pikel] (6)]
  3318 | D:4      | Killed from afar by Dowan

Illustrated notes

Levels and vault maps discovered:
D:1:      minmay_arrival_semitransparent, layout_loops_ring
D:2:      minmay_inner_zag, layout_basic, uniq_terence
D:3:      layout_basic, fedhas_altar_3, lemuel_round_altar,
          ebering_ghost_sewer_d
D:4:      layout_loops_ring, mainiacjoe_overflow_alcove_2,
          nzn_wu_jian_council_hall, serial_bayou_lagoon_a, dreamdust_gnoll_farm,
          uniq_blork_the_orc, uniq_pikel, uniq_duvessa

Skill      XL: |  1  2  3  4  5  6 |
---------------+-------------------+-----
Invocations    | 1 2 |  2.5
Short Blades   | 1 2 |  2.3
Axes           | 1 2 |  2.3
Maces & Flails | 1 2 |  2.3
Polearms       | 1 2 |  2.3
Staves         | 1 2 |  2.3
Ranged Weapons | 1 2 |  2.3
Throwing       | 1 2 |  2.3
Armour         | 1 2 |  2.3
Shields        | 1 2 |  2.3
Unarmed Combat | 1 2 |  2.3
Spellcasting   | 1 2 |  2.3
Evocations     | 1 2 |  2.3
Conjurations   | 1 |  1.8
Hexes          | 1 |  1.8
Summonings     | 1 |  1.8
Necromancy     | 1 |  1.8
Translocations | 1 |  1.8
Transmutations | 1 |  1.8
Fire Magic     | 1 |  1.8
Ice Magic      | 1 |  1.8
Air Magic      | 1 |  1.8
Earth Magic    | 1 |  1.8
Poison Magic   | 1 |  1.8
Fighting       | 7 |  7.0
Long Blades    | 7 |  7.0
Dodging        | 7 |  7.0
Stealth        | |  4.8

Action                   |  1- 3 |  4- 6 |  7- 9 || total
-------------------------+-------+-------+-------++-------
Melee: Falchion          |    83 |    73 |       ||   156
       Bite              |     9 |     8 |       ||    17
       Long sword        |       |    60 |     2 ||    62
       Unarmed           |       |     2 |       ||     2
Throw: Dart              |       |     3 |       ||     3
       Javelin           |       |     2 |       ||     2
       Throwing net      |       |       |     1 ||     1
  Use: Scroll            |     3 |     1 |       ||     4
       Potion            |     2 |     1 |     2 ||     5
 Stab: Sleeping          |     9 |     5 |       ||    14
       Distracted        |     1 |       |       ||     1
Armor: Robe              |     8 |       |       ||     8
       Leather armour    |     5 |    23 |     2 ||    30
Dodge: Dodged            |    48 |    75 |     9 ||   132
Block: Buckler           |       |    24 |     2 ||    26

Table legend: (Time is in decaauts)
 A = Elapsed time spent in this place.
 B = Non-inter-level travel time spent in this place.
 C = Inter-level travel time spent in this place.
 D = Time resting spent in this place.
 E = Time spent auto-exploring this place.
 F = Levels seen in this place.
 G = Mean time per level.
                   A        B        C        D        E       F      G
               +--------+--------+--------+--------+--------+-----+--------+
         Total |   3330 |   3211 |    119 |     19 |   2459 |   4 |  832.5 |
       Dungeon |   3330 |   3211 |    119 |     19 |   2459 |   4 |  832.5 |
               +--------+--------+--------+--------+--------+-----+--------+

Top non-repeatable levels by time:
     D:3: 1087 daAuts
     D:2: 992 daAuts
     D:1: 686 daAuts
     D:4: 563 daAuts
